 Dungeon Crawl Stone Soup version 0.29-a0-598-gd8304a5bf4 (webtiles) character file.

Game seed: 7163990719729049753

3647 happo123 the Ruffian (level 9, -7/84 HPs)
             Began as a Troll Transmuter on June 15, 2022.
             Was a Priest of Okawaru.
             Killed from afar by an electric eel (10 damage)
             ... with a bolt of electricity
             ... on level 8 of the Dungeon.
             The game lasted 00:29:13 (5725 turns).

happo123 the Ruffian (Troll Transmuter)             Turns: 5725, Time: 00:29:18

Health: -7/84      AC: 10    Str: 20    XL:     9   Next: 88%
Magic:  20/21      EV: 10    Int: 13    God:    Okawaru [***...]
Gold:   360        SH:  0    Dex: 10    Spells: 11/14 levels left

rFire   . . .      SeeInvis .     - Unarmed
rCold   . . .      Faith    +   (no shield)
rNeg    . . .      Spirit   .   k - +0 troll leather armour
rPois   .          Reflect  .   (helmet currently unavailable)
rElec   .          Harm     .   (no cloak)
rCorr   .          Rampage  .   (gloves unavailable)
Will    .....                   (boots unavailable)
Stlth   +.........              n - amulet of faith
HPRegen 1.84/turn               j - +4 ring of protection
MPRegen 0.17/turn               z - ring of magical power

@: brilliant, appendages
A: horns 2, talons 2, large, unfitting armour, claws 3, regeneration 1, shaggy
fur 1, tough skin 1
a: End Transformation, Renounce Religion, Heroism


You were on level 8 of the Dungeon.
You worshipped Okawaru.
Okawaru was most pleased with you.
You had temporarily grown beastly horns and talons.
You visited 2 branches of the dungeon, and saw 9 of its levels.

You collected 360 gold pieces.

Inventory:

Missiles
 q - a throwing net
Armour
 a - a +0 robe
 k - a +0 troll leather armour (worn)
Jewellery
 j - a +4 ring of protection (left claw)
 n - an amulet of faith (around neck)
 t - a ring of flight
 w - an amulet of guardian spirit
 x - a ring of see invisible
 z - a ring of magical power (right claw)
Wands
 s - a wand of mindburst (16)
 u - a wand of paralysis (6)
Scrolls
 e - 4 scrolls of enchant weapon
 f - a scroll of fog {unknown}
 h - a scroll of identify
 i - 3 scrolls of teleportation
 l - 2 scrolls of immolation
 m - a scroll of fear {unknown}
 p - 3 scrolls of amnesia
 r - 2 scrolls of poison
 v - a scroll of blinking {unknown}
 y - a scroll of silence {unknown}
 A - a scroll of summoning
Potions
 b - a potion of lignification
 c - 2 potions of brilliance
 d - 3 potions of might {unknown}
 g - 3 potions of degeneration {unknown}
 o - a potion of haste {unknown}
 B - a potion of flight {unknown}
 C - a potion of cancellation {unknown}
 D - a potion of mutation {unknown}


   Skills:
 + Level 3.9 Fighting
 - Level 3.0 Armour
 + Level 4.2 Dodging
 * Level 7.4 Unarmed Combat
 + Level 3.2 Spellcasting
 * Level 5.4 Transmutations
 + Level 3.4 Ice Magic
 + Level 1.0 Invocations


You had 11 spell levels left.
You knew the following spells:

 Your Spells              Type           Power      Damage    Failure   Level
a - Beastly Appendage     Tmut           48%        N/A       2%          1
b - Wereblood             Tmut           24%        N/A       4%          2

Your spell library contained the following spells:

 Spells                   Type           Power      Damage    Failure   Level
 Passwall                 Tmut/Erth      10%        N/A       13%         2
 Ensorcelled Hibernation  Hex/Ice        18%        N/A       19%         2
 Sandblast                Erth           6%         2d5       26%         1
 Slow                     Hex            12%        N/A       26%         1
 Spider Form              Tmut/Pois      13%        N/A       26%         3
 Ignite Poison            Fire/Tmut/Pois 10%        N/A       36%         3
 Ice Form                 Ice/Tmut       20%        N/A       38%         4
 Confusing Touch          Hex            3%         N/A       61%         3
 Inner Flame              Hex/Fire       3%         N/A       61%         3
 Mephitic Cloud           Conj/Pois/Air  3%         N/A       61%         3
 Stone Arrow              Conj/Erth      6%         3d7       61%         3
 Vampiric Draining        Necr           3%         2d6       61%         3
 Anguish                  Hex/Necr       1%         N/A       95%         4
 Cause Fear               Hex            1%         N/A       95%         4
 Freezing Cloud           Conj/Ice/Air   3%         6-21      99%         5
 Discord                  Hex            1%         N/A       100%        8


Dungeon Overview and Level Annotations

Branches:
Dungeon (8/15)             Temple (1/1) D:5
   Lair: D:8-11

Altars:
Ashenzari
Cheibriados
Dithmenos
Elyvilon
Fedhas
Gozag
Hepliaklqana
Kikubaaqudgha
Makhleb
Nemelex Xobeh
Okawaru
Qazlal
Ru
Sif Muna
Trog
Uskayaw
Vehumet
Wu Jian
Xom
Yredelemnul
Zin
The Shining One


Innate Abilities, Weirdness & Mutations

You have temporarily grown beastly horns and talons.
You are too large for most types of armour.
You have claws for hands.
Your natural rate of healing is unusually fast.
You are covered in fur. (AC +1)
You have tough skin. (AC +1)


Message History

The electric eel shoots out a bolt of lightning at you!
The bolt of electricity hits the plant!
The plant begins to die.
The bolt of electricity hits you.
Your primal bloodlust has ended.
You see here an orb of energy.
An electric eel comes into view.
The electric eel shoots out a bolt of lightning at you!
The bolt of electricity hits you!
The electric eel shoots out a bolt of lightning at you!
The bolt of electricity hits the plant!
The plant begins to die.
The bolt of electricity hits you!
A nearby plant withers and dies.
The electric eel shoots out a bolt of lightning at you!
The bolt of electricity hits you!
The electric eel shoots out a bolt of lightning at you!
The bolt of electricity hits the electric eel.
The electric eel completely resists.
The bolt of electricity hits you!
* * * LOW HITPOINT WARNING * * *
The electric eel shoots out a bolt of lightning at you!
The bolt of electricity misses you.
Casting: Beastly Appendage (safe; 2% risk of failure)
Press: ? - help, Q - select action, (/) - cycle Dir - look around, f - activate You grow a pair of large bovine horns.
Your feet morph into talons.
The electric eel shoots out a bolt of lightning at you!
The bolt of electricity hits you!
* * * LOW HITPOINT WARNING * * *
The bolt of electricity hits the plant! x2; The bolt of electricity hits you!
* * * LOW HITPOINT WARNING * * *
You closely miss the electric eel. You barely miss the electric eel.
You claw the electric eel, but do no damage.
Your headbutt misses the electric eel.
A nearby plant withers and dies.
It was a potion of brilliance.
You feel clever all of a sudden.
The electric eel shoots out a bolt of lightning at you!
The bolt of electricity hits you!
* * * LOW HITPOINT WARNING * * *
The electric eel shoots out a bolt of lightning at you!
The bolt of electricity hits you!
You die...

.........##
#...######..# . #..
#..# .# ###..# ##.###
..#
#......♣#####†≈≈≈# ..
P....≈....P.#≈♣♣≈##.#
..≈≈♣≈♣...P.#♣≈≈...#
.♣♣≈≈≈S..P#...≈≈..##
♣.≈≈≈≈S@..........#
≈≈≈♣≈♣.P...[##....#
≈≈...♣...####..>....
♣...♣...## ########
.......#..
##########.. #.. ###


You could see 2 electric eels.

Vanquished Creatures
  Pikel (D:7)
  Prince Ribbit (D:6)
  Sigmund (D:2)
  Eustachio (D:6)
  A steam dragon (D:7)
  Menkaure (D:6)
  The ghost of pigah the Gusty, an amateur OpAE (D:3)
  Duvessa (D:6)
  3 sky beasts
  An ice beast (D:6)
  A black bear (D:6)
  2 ogres
  3 centaurs
  A lemure (D:7)
  3 phantoms
  A bullfrog (D:6)
  4 scorpions
  Dowan (D:6)
  4 killer bees (D:8)
  2 howler monkeys (D:5)
  A jelly (D:7)
  2 orc priests
  2 hounds
  3 iguanas
  Jessica (D:2)
  3 orc wizards
  Terence (D:2)
  A mummy (D:3)
  7 adders
  4 gnolls (D:5)
  A white imp (D:5)
  3 ufetubi
  An adder zombie (D:3)
  A dart slug (D:3)
  16 orcs
  2 ball pythons
  3 bats
  2 endoplasms
  4 giant cockroaches
  4 goblins
  5 hobgoblins
  7 jackals
  8 kobolds
  2 frilled lizards
  A quokka zombie (D:3)
  6 rats
125 creatures vanquished.

Vanquished Creatures (others)
  3 plants (D:8)
  A withered plant (D:3)
4 creatures vanquished.

Grand Total: 129 creatures vanquished

Notes
Turn   | Place    | Note
-------+----------+-------------------------------------------
     0 | D:1      | happo123 the Troll Transmuter began the quest for the Orb.
     0 | D:1      | Reached XP level 1. HP: 18/18 MP: 1/1
   211 | D:1      | Reached XP level 2. HP: 26/26 MP: 2/2
   465 | D:1      | Reached skill level 1 in Fighting
   494 | D:1      | Learned a level 2 spell: Wereblood
   903 | D:2      | Reached XP level 3. HP: 33/33 MP: 2/4
  1137 | D:2      | Noticed Terence
  1147 | D:2      | Killed Terence
  1277 | D:2      | Noticed Jessica
  1282 | D:2      | Killed Jessica
  1283 | D:2      | Reached XP level 4. HP: 41/41 MP: 2/5
  1354 | D:2      | Noticed Sigmund
  1365 | D:2      | Killed Sigmund
  1366 | D:2      | Reached skill level 4 in Unarmed Combat
  1366 | D:2      | Reached skill level 1 in Ice Magic
  1366 | D:2      | Reached XP level 5. HP: 38/49 MP: 4/6
  1485 | D:3      | Found a faded altar of an unknown god.
  1583 | D:3      | Reached XP level 6. HP: 46/57 MP: 7/7
  1628 | D:3      | Found a runed translucent door.
  1629 | D:3      | Noticed pigah's ghost (amateur OpAE)
  1650 | D:3      | Killed pigah's ghost
  2004 | D:3      | Found a snail-covered altar of Cheibriados.
  2245 | D:3      | You fall into a shaft and drop 2 floors!
  2245 | D:5      | Entered Level 5 of the Dungeon
  2260 | D:5      | Reached XP level 7. HP: 65/65 MP: 7/9
  2383 | D:5      | Reached skill level 5 in Unarmed Combat
  2395 | D:5      | Reached skill level 1 in Armour
  2689 | D:3      | Found a shimmering blue altar of Sif Muna.
  2885 | D:3      | Found a basalt altar of Yredelemnul.
  3657 | D:5      | Found a staircase to the Ecumenical Temple.
  3686 | Temple   | Entered the Ecumenical Temple
  3760 | Temple   | Became a worshipper of Warmaster Okawaru
  3821 | D:5      | Reached XP level 8. HP: 74/74 MP: 8/10
  4176 | D:6      | Noticed Duvessa
  4189 | D:6      | Killed Duvessa
  4189 | D:6      | Noticed Dowan
  4202 | D:6      | Killed Dowan
  4223 | D:6      | Noticed Prince Ribbit
  4243 | D:6      | Killed Prince Ribbit
  4243 | D:6      | Reached * piety under Okawaru
  4244 | D:6      | Reached skill level 6 in Unarmed Combat
  4320 | D:6      | Noticed Eustachio
  4344 | D:6      | Killed Eustachio
  4344 | D:6      | Reached ** piety under Okawaru
  4345 | D:6      | Reached XP level 9. HP: 49/83 MP: 10/12
  4435 | D:6      | Found a bloodstained altar of Trog.
  4744 | D:6      | Noticed Menkaure
  4753 | D:6      | Killed Menkaure
  4823 | D:6      | Found an ancient bone altar of Kikubaaqudgha.
  4823 | D:6      | Found a burning altar of Makhleb.
  4944 | D:6      | Found an ornate altar of the Wu Jian Council.
  4970 | D:7      | Found a blossoming altar of Fedhas.
  5196 | D:7      | Noticed Pikel
  5204 | D:7      | Killed Pikel
  5204 | D:7      | Reached *** piety under Okawaru
  5205 | D:7      | Reached skill level 7 in Unarmed Combat
  5205 | D:7      | Reached skill level 5 in Transmutations
  5706 | D:8      | Reached skill level 1 in Invocations
  5725 | D:8      | HP: 3/84 [electric eel/bolt of electricity (7)]
  5725 | D:8      | Killed from afar by an electric eel

Illustrated notes

Levels and vault maps discovered:
D:1:      dpeg_arrival_castle, layout_basic, serial_park_tiny_1,
          kennysheep_crisscross, due_unseen_surprise
D:2:      layout_basic, uniq_sigmund, uniq_jessica, uniq_terence
D:3:      layout_loops_corners, led_sif_pool, slow_altar_2,
          lemuel_zombie_altar_yredelemnul, ebering_ghost_inner_flame,
          ebering_ecumenical_altar_petrified
D:4:      layout_loops_ring
D:5:      layout_loops_cross, temple_hall
D:6:      layout_basic, nicolae_wu_jian_glorious_leap,
          trog_three_pillars_becter, gammafunk_temple_overflow_wave,
          grunt_ministairs_13, uniq_menkaure, uniq_prince_ribbit1, uniq_duvessa,
          uniq_eustachio
D:7:      layout_basic, mainiacjoe_overflow_cross_hatched, uniq_pikel
D:8:      layout_layer_cave, lair_entry_dummy, gammafunk_ghost_arena,
          serial_bayou, serial_bayou_pond_d, serial_bayou_shore_a,
          serial_bayou_pond_d, serial_bayou_pond_d, serial_bayou_pond_a,
          serial_bayou_pond_d, minmay_misc_feat_alley,
          chequers_decorated_corner, uniq_maurice, uniq_maggie, uniq_erica
Temple:   eino_temple_lava

Skill      XL: |  1  2  3  4  5  6  7  8  9 |
---------------+----------------------------+-----
Fighting       | 1 2 3 |  3.9
Transmutations | 2 3 4 5 |  5.4
Dodging        | 2 3 4 |  4.2
Unarmed Combat | 4 5 6 7 |  7.4
Ice Magic      | 1 2 3 |  3.4
Spellcasting   | 2 3 |  3.2
Armour         | 1 2 3 |  3.0
Invocations    | 1 |  1.0

Action                   |  1- 3 |  4- 6 |  7- 9 || total
-------------------------+-------+-------+-------++-------
Melee: Unarmed           |   103 |    83 |   254 ||   440
       Kick              |     4 |    10 |    50 ||    64
       Punch             |     2 |     4 |     4 ||    10
       Headbutt          |     3 |     6 |    39 ||    48
 Cast: Beastly Appendage |     5 |     5 |    35 ||    45
       Wereblood         |       |     1 |     8 ||     9
Invok: Heroism           |       |       |     1 ||     1
  Use: Scroll            |       |       |     5 ||     5
       Potion            |       |       |     1 ||     1
Armor: Robe              |    51 |     7 |       ||    58
       Troll leather arm |       |    25 |   149 ||   174
Dodge: Dodged            |    51 |    22 |   188 ||   261

Table legend: (Time is in decaauts)
 A = Elapsed time spent in this place.
 B = Non-inter-level travel time spent in this place.
 C = Inter-level travel time spent in this place.
 D = Time resting spent in this place.
 E = Time spent auto-exploring this place.
 F = Levels seen in this place.
 G = Mean time per level.
                   A        B        C        D        E       F      G
               +--------+--------+--------+--------+--------+-----+--------+
         Total |   5682 |   4891 |    791 |      0 |   3645 |   9 |  631.3 |
       Dungeon |   5593 |   4826 |    767 |      0 |   3595 |   8 |  699.1 |
        Temple |     88 |     64 |     24 |      0 |     50 |   1 |   88.0 |
               +--------+--------+--------+--------+--------+-----+--------+

Top non-repeatable levels by time:
     D:3: 1054 daAuts
     D:5: 808 daAuts
     D:6: 788 daAuts
     D:2: 740 daAuts
     D:1: 739 daAuts
     D:4: 717 daAuts
     D:7: 698 daAuts
  Temple: 88 daAuts
     D:8: 46 daAuts
